 Dungeon Crawl Stone Soup version 0.30.1-4-g462c640d31 (webtiles) character file.

Game seed: 6416810148783236374

1969807 DemonspawnMonk the Warrior (level 24, 199/199 (201) HPs)
             Began as a Demonspawn Monk on Sept 12, 2023.
             Was the Champion of Ru.
             Escaped with the Orb
             ... and 4 runes on Sept 15, 2023!
             The game lasted 03:53:23 (89922 turns).

DemonspawnMonk the Warrior (Demonspawn Monk)       Turns: 89922, Time: 03:53:24

HP:   199/199 (201) AC: 24    Str: 21 (22) XL:     24   Next: 81%
MP:   26/39         EV:  6    Int: 26 (27) God:    Ru [******]
Gold: 1691          SH: 10    Dex: 12 (14) Spells: 8/47 levels left

rFire   + + .        a - +7 sceptre of Torment {pain, torment}
rCold   . . .        L - +3 buckler {AC+3}
rNeg    . . .        u - +5 faerie dragon scales {rCorr Int+3 Dex-3 Slay+3}
rPois   .            (helmet unavailable)
rElec   .            f - +2 cloak {Will+}
rCorr   +            (no gloves)
SInv    .            G - +0 pair of boots "Noopedyx" {rF+ Str+4}
Will    +++..        V - amulet of guardian spirit
Stlth   ++           U - +4 ring of slaying {=R}
HPRegen 0.53/turn    B - +6 ring of intelligence
MPRegen 0.26/turn

%: random rage (3%), guardian spirit
@: forested, studying 2 skills, lightly drained
A: horns 3, powered by pain 3, spiny 3, augmentation 3, inability to use
devices, inability to train dodging, reduced EV 1, inexperienced 1, sturdy frame
3, berserk 1, clever 1, fire resistance 1, strong-willed 1, wild magic 1
0: Orb of Zot
}: 4/15 runes: barnacled, silver, abyssal, gossamer
a: Renounce Religion, Draw Out Power, Power Leap, Apocalypse


You escaped.
You worshipped Ru.
Ru was exalted by your worship.
You visited 10 branches of the dungeon, and saw 49 of its levels.
You visited the Abyss 3 times.
You visited 2 bazaars.
You also visited: Trove, Ossuary, Bailey and Ice Cave.

You collected 7283 gold pieces.
You spent 5592 gold pieces at shops.

Inventory:

Hand Weapons
 a - the +7 sceptre of Torment (weapon) {pain, torment}
   (You took it off a deep elf demonologist on level 3 of the Elven Halls)
 b - the +8 whip "Snakebite" {venom, curare, rPois}
   (You took it off Amaemon on level 10 of the Dungeon)

   rPois:     It protects you from poison.
 s - the +12 dagger of the Lost Hosts {heavy, rC+}
   (You found it on level 7 of the Dungeon)

   rC:        It protects you from cold.
 T - a +7 demon whip of flaming
Missiles
 n - 5 throwing nets {!f}
 o - 7 silver javelins
 M - 3 curare-tipped darts
 N - 8 javelins (quivered)
 P - 2 atropa-tipped darts
Armour
 f - a +2 cloak of willpower (worn)
 u - the +5 faerie dragon scales (worn) {rCorr Int+3 Dex-3 Slay+3}
   (You took it off the Enchantress on level 4 of the Depths)

   Int:       It affects your intelligence (+3).
   Dex:       It affects your dexterity (-3).
   Slay:      It affects your accuracy & damage with ranged weapons and melee
   (+3).
   rCorr:     It protects you from acid and corrosion.
 G - the +0 pair of boots "Noopedyx" (worn) {rF+ Str+4}
   (You found it in a treasure trove)

   Str:       It affects your strength (+4).
   rF:        It protects you from fire.
 J - the +8 orange crystal plate armour {Archmagi, Int+3 Clar}
   (You found it in a treasure trove)

   Int:       It affects your intelligence (+3).
   Clar:      It protects you from confusion, rage, mesmerisation and fear.
 L - a +3 buckler of protection (worn)
Jewellery
 h - a ring of flight
 j - the ring of the Cockroach {rC+ rCorr Str+3}
   (You took it off a spriggan on level 3 of the Depths)

   [ring of protection from cold]

   Str:       It affects your strength (+3).
   rC:        It protects you from cold.
   rCorr:     It protects you from acid and corrosion.
 p - a +6 ring of strength
 y - the ring of Ynuemikh {rF+ rN+}
   (You found it in a treasure trove)

   [ring of positive energy]

   rF:        It protects you from fire.
   rN:        It protects you from negative energy.
 B - a +6 ring of intelligence (right hand)
 D - the amulet of Wadwoot {Acrobat Regen+}
   (You took it off a deep elf demonologist on level 3 of the Elven Halls)

   [amulet of the acrobat]

   It increases your evasion while moving and waiting.
   Regen:     It increases your rate of health regeneration.
 U - a +4 ring of slaying (left hand) {=R}
 V - an amulet of guardian spirit (around neck)
 W - the ring "Xyufrege" {rPois rF+ Int+2}
   (You bought it in a shop on level 2 of the Orcish Mines)

   [ring of protection from fire]

   Int:       It affects your intelligence (+2).
   rF:        It protects you from fire.
   rPois:     It protects you from poison.
 Y - a +5 ring of evasion
Scrolls
 c - 7 scrolls of vulnerability
 g - 3 scrolls of fear
 q - 12 scrolls of teleportation
 t - 18 scrolls of fog
 v - 9 scrolls of immolation
 C - 8 scrolls of blinking
 K - 9 scrolls of poison
 R - 2 scrolls of summoning
 X - 2 scrolls of torment
Potions
 i - 17 potions of mutation
 l - 25 potions of curing
 m - 6 potions of berserk rage
 w - 5 potions of haste
 x - 10 potions of lignification
 z - 10 potions of heal wounds
 A - 15 potions of brilliance
 E - 7 potions of flight
 F - 5 potions of invisibility
 H - 7 potions of might
 I - 8 potions of magic
 O - a potion of cancellation
 Q - 12 potions of ambrosia
 S - a potion of resistance


   Skills:
 - Level 19.0 Fighting
 - Level 9.2(10.0) Short Blades
 - Level 6.0(8.4) Long Blades
 - Level 16.0 Maces & Flails
 - Level 16.0 Throwing
 - Level 19.0 Armour
 - Level 12.0 Stealth
 - Level 12.0 Shields
 - Level 12.1 Spellcasting
 - Level 10.0 Hexes
 - Level 14.0 Summonings
 - Level 10.0 Necromancy
 * Level 10.3 Translocations
 - Level 6.0 Transmutations
 - Level 6.0 Air Magic
 - Level 6.0 Earth Magic


You had 8 spell levels left.
You knew the following spells:

 Your Spells              Type           Power      Damage    Failure   Level
a - Vhi's Electric Charg  Tloc/Air       100%       N/A       1%          3
b - Manifold Assault      Tloc           100%       N/A       1%          4
c - Summon Forest         Summ/Tloc      61%        N/A       1%          5
d - Summon Mana Viper     Hex/Summ       100%       N/A       1%          5
e - Animate Armour        Summ/Erth      100%       N/A       1%          4
f - Dispersal             Tloc           57%        N/A       13%         6
x - Apportation           Tloc           100%       N/A       1%          1
A - Animate Dead          Necr           100%       N/A       1%          4
E - Passwall              Tmut/Erth      78%        N/A       1%          2
Q - Blink                 Tloc           100%       N/A       1%          2
U - Swiftness             Air            94%        N/A       2%          3

Your spell library contained the following spells:

 Spells                   Type           Power      Damage    Failure   Level
 Necrotise                Necr           100%       1d9       1%          1
 Slow                     Hex            100%       N/A       1%          1
 Cigotuvi's Dreadful Rot  Necr/Pois/Air  100%       N/A       1%          2
 Ensorcelled Hibernation  Hex/Ice        100%       N/A       1%          2
 Lesser Beckoning         Tloc           100%       N/A       1%          2
 Momentum Strike          Conj/Tloc      100%       3d10      1%          2
 Call Canine Familiar     Summ           100%       N/A       1%          3
 Confusing Touch          Hex            100%       N/A       1%          3
 Portal Projectile        Hex/Tloc       100%       N/A       1%          3
 Tukima's Dance           Hex            100%       N/A       1%          3
 Vampiric Draining        Necr           100%       2d13      1%          3
 Anguish                  Hex/Necr       57%        N/A       1%          4
 Passage of Golubria      Tloc           100%       N/A       1%          4
 Sting                    Tmut/Pois      100%       1d8       2%          1
 Poisonous Vapours        Pois/Air       100%       N/A       3%          2
 Dazzling Flash           Conj/Hex       100%       N/A       3%          3
 Inner Flame              Hex/Fire       88%        N/A       3%          3
 Volatile Blastmotes      Fire/Tloc      100%       2d18      3%          3
 Leda's Liquefaction      Hex/Erth       52%        N/A       3%          4
 Agony                    Necr           100%       N/A       3%          5
 Summon Cactus Giant      Summ           65%        N/A       3%          6
 Spider Form              Tmut/Pois      74%        N/A       6%          3
 Petrify                  Tmut/Erth      94%        N/A       6%          4
 Foxfire                  Conj/Fire      100%       2x1d9     7%          1
 Yara's Violent Unravell  Hex/Tmut       52%        3d20      7%          5
 Iskenderun's Mystic Bla  Conj/Tloc      89%        2d17      8%          4
 Ignite Poison            Fire/Tmut/Pois 66%        N/A       9%          3
 Scorch                   Fire           90%        2d8       10%         2
 Blade Hands              Tmut           47%        N/A       14%         5
 Lee's Rapid Deconstruct  Erth           47%        3d22*     14%         5
 Death Channel            Necr           57%        N/A       16%         6
 Hailstorm                Conj/Ice       45%        3d10      17%         3
 Ice Form                 Ice/Tmut       74%        N/A       17%         4
 Metabolic Englaciation   Hex/Ice        44%        N/A       21%         5
 Malign Gateway           Summ/Tloc      61%        N/A       32%         7
 Haunt                    Necr/Summ      61%        N/A       34%         7
 Alistair's Intoxication  Tmut/Pois      49%        N/A       41%         5
 Arcjolt                  Conj/Air       37%        1d47      41%         5
 Irradiate                Conj/Tmut      37%        3d24      41%         5
 Flame Wave               Conj/Fire      45%        2d12      47%         4
 Olgreb's Toxic Radiance  Pois           45%        N/A       47%         4
 Sticky Flame             Conj/Fire      45%        2d6       47%         4
 Freezing Cloud           Conj/Ice/Air   33%        6-21      54%         5
 Statue Form              Tmut/Erth      62%        N/A       56%         6
 Simulacrum               Ice/Necr       44%        N/A       71%         6
 Summon Horrible Things   Summ           65%        N/A       73%         8
 Fireball                 Conj/Fire      22%        3d10      82%         5
 Iron Shot                Conj/Erth      37%        9d7       92%         6
 Plasma Beam              Fire/Air       37%        2x1d55    92%         6
 Dragon Form              Tmut           47%        N/A       98%         7
 Storm Form               Tmut/Air       47%        N/A       98%         7
 Infestation              Necr           57%        N/A       99%         8
 Starburst                Conj/Fire      22%        6d8       100%        6
 Ozocubu's Refrigeration  Ice            22%        4d12      100%        7
 Maxwell's Capacitive Co  Air            47%        ∞         100%        8
 Chain Lightning          Conj/Air       37%        3d49      100%        9
 Polar Vortex             Ice            22%        N/A       100%        9
 Shatter                  Erth           47%        3d36*     100%        9


Dungeon Overview and Level Annotations

Branches:
Dungeon (15/15)            Temple (0/1) D:5            Lair (5/5) D:11
 Shoals (4/4) Lair:2       Spider (4/4) Lair:2        Slime (0/5) Lair:4
    Orc (2/2) D:10            Elf (3/3) Orc:2        Vaults (5/5) D:14
  Crypt (2/3) Vaults:3     Depths (4/4) D:15            Zot (5/5) Depths:4
Ossuary (visited)          Bailey (visited)           IceCv (visited)

Altars:
Ashenzari
Gozag
Kikubaaqudgha
Qazlal
Ru
Trog
Vehumet
Jiyva

Shops:
D:7 !=*   D:9 [   D:15 (   Orc:2 ?*=*   Shoals:4 :   Vaults:4 *   Zot:5 *
Depths:1 (   Depths:3 (   Depths:4 *

Portals:
Hell: Depths:1 Depths:2 Depths:3 Depths:4
Abyss: Depths:3
Pandemonium: Depths:2 Depths:4
Ziggurat: Depths:1

Annotations:
Lair:4 1 runed translucent door
Shoals:4 exclusion: 2 oklob plants
Spider:3 Roxanne
Elf:2 3 runed translucent doors
Vaults:1 2 transporters, exclusion: obsidian statue
Vaults:4 3 runed translucent doors, exclusions: obsidian statue, peacekeeper and war gargoyle, dolemite99's ghost, veteran DrFE
Depths:1 1 runed translucent door
Zot:5 exclusions: upstairs and 3 more exclusions


Innate Abilities, Weirdness & Mutations

You have a pair of large horns on your head.
You are powered by pain.
You are completely covered in sharp spines.
Your magical and physical power is greatly enhanced at high health.
You cannot study or use magical devices.
You cannot train Dodging skill.
You have somewhat slow reflexes. (EV -5)
You are somewhat inexperienced. (-1 XL)
Your movements are significantly less encumbered by armour. (ER -6)
You sometimes lose your temper in combat.
Your mind is acute. (Int +4, Str/Dex -1)
Your flesh is heat resistant. (rF+)
You are strong-willed. (Will+)
Your spells are a little harder to cast, but a little more powerful.


Message History

The Executioner closely misses you.
The Executioner hits you but does no damage.
The Executioner hits you.
You impale the Executioner!!
You kill the Executioner!
Magic restored.
You see here a +0 long sword.
There is a stone staircase leading up here.
HP restored.
You climb upwards.
There is a stone staircase leading down here.
There is a stone staircase leading up here.
You climb upwards.
An Ice Fiend comes into view.
There is a stone staircase leading down here.
You climb downwards.
There is a stone staircase leading up here.
There is a stone staircase leading up here.
You climb upwards.
There is a stone staircase leading down here.
There is a stone staircase leading up here.
You climb upwards.
There is a stone staircase leading down here.
There is an open door here.
There is an open door here.
There is an open door here.
There is a staircase leading out of the dungeon here.
You cannot evoke magical items.
Okay, then.
Casting: Passwall (safe; 1% risk of failure)
Confirm with . or Enter, or press ? or * to list all spells.
A forested plane collides here with a resounding crunch!
Your dryad calls out to the forest.
The forest starts to sway and rumble!
Casting: Summon Forest (mildly dangerous; 1% risk of failure)
Confirm with . or Enter, or press ? or * to list all spells.
Casting: Animate Armour (mildly dangerous; 1% risk of failure)
Confirm with . or Enter, or press ? or * to list all spells.
A mana viper appears with a sibilant hiss.
You have escaped!

....##.♣♣.♣.♣♣♣##................
.....#..♣♣.P.♣...........##.###..
.....####♣.♣♣...............# #..
.....#####.##............######..
♣.♣........).............#####..#
..........###....................
♣.♣...........♣#♣♣##...######...#
..............#R...♣...#....#...#
..............#♣@[.♣...#.÷..#...#
..........###.♣.S..♣#'##....##'##
..........# #.#♣'♣♣♣...##'###...#
.........####..♣...'...'....'...'
.........#.....♣#♣####.####.#...#
.......###...#..##..#..#...###..#
...........).##.###...#..###.....
..............)..#.#...#.....###.
.............###.##.##....#..#.##


You could see a friendly dryad (summoned), a friendly mana viper (summoned) and
a friendly animated acid dragon scales (summoned).

Vanquished Creatures
  3 ancient liches
  4 orbs of fire
  2 dread liches (Zot:5)
  Mara (Depths:1)
  Sojobo (Crypt:1)
  Frederick (Crypt:1)
  Saint Roka (Depths:1)
  Bai Suzhen (Vaults:4)
  A Killer Klown (Zot:5)
  Xtahua (Depths:3)
  6 caustic shrikes (Depths:3)
  the Enchantress (Depths:4)
  Jory (Depths:4)
  Arachne (Spider:4)
  4 golden dragons
  A bone dragon (Abyss:3)
  2 electric golems (Zot:5)
  Mlioglotl (Shoals:3)
  An Ice Fiend (Zot:3)
  15 Orb Guardians
  Jorgrun (D:13)
  A deep elf master archer (Elf:3)
  9 tentacled monstrosities
  2 deep elf blademasters (Elf:3)
  4 quicksilver dragons
  10 titans
  3 liches
  Polyphemus (Shoals:3)
  3 tentacled starspawn
  3 death cobs
  2 krakens
  Agnes (Spider:4)
  Kirke (D:12)
  3 ancient champions (Crypt:1)
  2 Executioners
  10 sphinxes
  12 storm dragons
  5 tengu reavers
  14 draconian monks
  7 shadow dragons
  Ilsuiw (Shoals:3)
  7 fire giants
  A nagaraja (Depths:1)
  5 draconian knights
  14 vault wardens
  8 frost giants
  3 iron dragons
  A curse skull (Crypt:1)
  3 draconian scorchers
  8 emperor scorpions
  5 ghost moths
  6 deep elf sorcerers
  4 spectral caustic shrikes (Depths:1)
  2 deep elf elementalists (Elf:3)
  A juggernaut zombie (Depths:3)
  A balrug (Abyss:2)
  5 draconian shifters
  5 ghouls
  16 ironbound preservers
  4 spriggan defenders
  2 draconian stormcallers
  An orc warlord (Vaults:2)
  A quicksilver ooze (shapeshifter) (D:15)
  14 stone giants
  5 ironbound thunderhulks
  4 vampire knights
  A broodmother (Spider:2)
  A cacodemon (Depths:2)
  6 draconian annihilators
  19 very ugly things
  3 deep elf demonologists
  6 green draconians
  4 black draconians
  8 white draconians
  15 yellow draconians
  7 purple draconians
  10 deep elf annihilators
  14 red draconians
  17 dire elephants
  10 spark wasps
  10 ettins
  A crystal guardian (Vaults:4)
  An eidolon (Vaults:3)
  A blizzard demon (Zot:3)
  6 deep elf death magi
  Fannar (Lair:1)
  6 entropy weavers
  3 jiangshi
  2 great orbs of eyes
  6 merfolk impalers
  6 deep elf high priests
  A rakshasa (Depths:3)
  A quicksilver dragon skeleton (Crypt:2)
  17 yaktaur captains
  4 merfolk javelineers (Shoals:4)
  14 ice dragons
  7 fire dragons
  29 vault guards
  6 ironbound frosthearts
  8 hydras
  3 spriggan air magi
  A radroach (Spider:3)
  2 jorogumos (Spider:4)
  An alligator snapping turtle (Shoals:2)
  8 centaur warriors
  A catoblepas (Shoals:3)
  4 merfolk avatars
  A peacekeeper (Vaults:4)
  2 ogre magi (Vaults:5)
  4 death knights
  12 boulder beetles
  A ghost crab (Abyss:3)
  A boulder beetle (shapeshifter) (Depths:4)
  3 merfolk aquamancers (Shoals:1)
  3 two-headed ogres
  11 dancing weapons
  A hell hog (Abyss:2)
  The ghost of Zeor the Destroyer, a journeyman DECj of Vehumet (Lair:1)
  3 deep troll earth magi
  A titan zombie (Vaults:5)
  5 tengu warriors
  4 vampire magi
  3 satyrs (Shoals:4)
  A spriggan berserker (Depths:4)
  2 deep troll shamans
  Urug (D:13)
  5 death yaks
  2 soul eaters
  5 thrashing horrors
  An orc high priest (Orc:1)
  7 sun demons
  8 hell knights (D:11)
  Sonja (D:10)
  2 fire crabs
  Nergalle (Lair:2)
  4 deep elf knights
  A wretched star (Abyss:2)
  4 pharaoh ants
  A shadow wraith (Vaults:5)
  10 skysharks
  4 iron trolls
  Amaemon (D:10)
  A quicksilver dragon simulacrum (Vaults:4)
  Lodul (D:10)
  24 sea snakes
  11 skeletal warriors
  A storm dragon skeleton (Depths:3)
  10 orb spiders
  3 flayed ghosts
  2 sun moths
  A golden dragon zombie (Depths:3)
  3 glowing orange brains
  A bog body (Crypt:1)
  33 harpies
  63 deep trolls
  A steelbarb worm (shapeshifter) (Vaults:5)
  13 deep elf archers
  7 steelbarb worms
  13 wizards
  12 ironbound convokers
  8 necromancers
  6 phantasmal warriors
  7 lindwurms
  14 deep elf zephyrmancers
  24 deep elf pyromancers
  38 ugly things
  7 orc sorcerers
  A jorogumo zombie (Crypt:1)
  5 orc knights
  A shining eye (shapeshifter) (Vaults:5)
  A salamander (shapeshifter) (Vaults:5)
  A cyclops (shapeshifter) (Vaults:5)
  2 stone giant zombies (Vaults:2)
  A fire giant zombie (Crypt:1)
  A salamander (Elf:1)
  18 wolf spiders
  7 fauns
  10 cyclopes
  13 manticores
  A sphinx skeleton (Depths:3)
  A dire elephant zombie (Crypt:1)
  15 moths of wrath
  8 elephants
  A worldbinder (Abyss:3)
  4 black mambas
  Maurice (D:8)
  A fire giant skeleton (Vaults:2)
  4 demonic crawlers
  21 vault sentinels
  10 merfolk sirens
  6 torpor snails
  4 molten gargoyles (Elf:1)
  An orange demon (D:10)
  An apocalypse crab (Abyss:3)
  2 smoke demons
  6 cane toads
  A centaur skeleton (Crypt:1)
  4 water nymphs
  2 gargoyles (D:13)
  6 large abominations
  A kobold demonologist (D:10)
  17 komodo dragons
  A rime drake (Lair:5)
  4 tengu conjurers
  8 freezing wraiths
  2 golden dragon simulacra (Zot:1)
  32 yaktaurs
  A bunyip simulacrum (Crypt:1)
  An ancient zyme (Abyss:3)
  3 trolls
  2 red devils (Depths:2)
  7 polar bears
  2 hornets (shapeshifter)
  7 meliai
  4 wind drakes
  20 merfolk
  11 hornets
  A queen bee (Lair:1)
  18 tarantellas
  A blink frog (shapeshifter) (Elf:3)
  3 sphinx simulacra
  5 dream sheep
  5 snapping turtles
  21 blink frogs
  44 jumping spiders
  A boulder beetle zombie (Crypt:1)
  22 slime creatures
  A shadow (D:12)
  27 culicivoras
  2 air elementals (Elf:2)
  9 wraiths
  A vampire (D:12)
  An ettin skeleton (Abyss:3)
  4 spriggans
  6 basilisks
  A nameless horror (D:15)
  11 water elementals
  9 wyverns
  40 yaks
  An elf zombie (Vaults:2)
  2 fire elementals
  3 hogs (D:12)
  15 vampire mosquitoes
  Grum (D:7)
  A neqoxec (Abyss:3)
  3 steam dragons
  A yaktaur simulacrum (Vaults:4)
  55 redbacks
  A death yak simulacrum (IceCv)
  4 swamp worms (Lair:1)
  3 wargs
  A glowing shapeshifter zombie (Vaults:5)
  7 hell hounds (D:11)
  8 water moccasins
  3 human zombies
  An acid dragon (D:9)
  2 moth of wrath simulacra (Zot:1)
  55 orc warriors
  14 ogres
  An ice beast (D:8)
  2 wolves (D:8)
  A boggart (D:14)
  A boggart (shapeshifter) (Vaults:5)
  26 centaurs
  A phantom (D:5)
  4 starcursed masses
  14 bullfrogs
  5 kobold brigands
  4 necrophages (Crypt:1)
  A glowing shapeshifter simulacrum (Vaults:2)
  3 earth elementals
  A human simulacrum (Vaults:2)
  2 scorpions (D:5)
  4 water moccasin zombies (Ossuary)
  3 two-headed ogre simulacra (IceCv)
  7 wights
  A raiju zombie (Crypt:1)
  25 killer bees
  4 electric eels
  7 howler monkeys
  3 jellies
  A hound (D:6)
  14 orc priests
  A gnoll bouda (D:8)
  2 sleepcaps
  2 iguanas
  10 orc wizards
  4 hell rats (Lair:3)
  A wolf simulacrum (IceCv)
  5 troll simulacra (IceCv)
  A polar bear simulacrum (IceCv)
  6 spriggan simulacra (IceCv)
  3 small abominations (Abyss:2)
  An ogre skeleton (Crypt:2)
  A naga skeleton (Crypt:1)
  3 mummies
  6 gnolls
  3 adders
  2 naga simulacra (IceCv)
  2 shadow imps
  6 white imps
  7 ufetubi
  5 adder zombies (Ossuary)
  3 worms (D:2)
  A dart slug (D:1)
  103 orcs
  5 ball pythons
  A bat zombie (Crypt:1)
  5 endoplasms
  3 giant cockroaches
  4 goblins
  11 hobgoblins
  4 jackals
  22 kobolds
  4 quokkas
  A ball python zombie (Crypt:2)
  3 bats (D:2)
  4 frilled lizards
  2 gnoll zombies (Ossuary)
  A hobgoblin skeleton (Crypt:1)
  4 hobgoblin zombies (Ossuary)
  6 kobold zombies
  3 orc zombies (Ossuary)
  7 rats
  6 butterflies (Vaults:3)
  7 tentacles
2076 creatures vanquished.

Vanquished Creatures (collateral kills)
  A dread lich (Zot:5)
  An orb of fire (Zot:5)
  The ghost of snarfax the Conqueror, a legendary GrBe of the Shining One (Zot:5)
  Josephina (Depths:4)
  Vv (Depths:4)
  2 caustic shrikes (Depths:3)
  An electric golem (Zot:1)
  4 tentacled monstrosities
  A lich (Depths:3)
  7 Orb Guardians (Zot:5)
  A deep elf master archer (Elf:3)
  A death cob (Zot:3)
  A sphinx (Depths:3)
  A storm dragon (Vaults:5)
  A shadow dragon (Zot:2)
  2 tengu reavers
  A draconian monk (Zot:5)
  A fire giant (Depths:3)
  A frost giant (shapeshifter) (Vaults:5)
  A vault warden (Vaults:5)
  A draconian shifter (Zot:4)
  A stone giant (Depths:3)
  A spriggan defender (Depths:3)
  4 very ugly things
  2 green draconians
  A black draconian (Zot:5)
  3 purple draconians
  2 red draconians (Zot:5)
  A white draconian (Zot:5)
  An ettin (Vaults:5)
  2 fire dragons
  An ice dragon (Zot:3)
  2 spriggan air magi (Depths:3)
  An ironbound frostheart (Vaults:4)
  A radroach (Spider:4)
  3 vault guards (Vaults:5)
  2 dancing weapons (Elf:2)
  A spriggan berserker (Depths:3)
  A deep troll (Vaults:5)
  4 deep elf pyromancers
  An iron dragon zombie (Vaults:5)
  3 ugly things
  A vault sentinel (Vaults:5)
  A hornet (Spider:4)
  A slime creature (shapeshifter) (Depths:3)
  A water elemental (Depths:3)
  3 redbacks (Spider:4)
  3 wargs (Depths:1)
  An orc warrior (Depths:1)
81 creatures vanquished.

Vanquished Creatures (others)
  2 tentacled monstrosities (Vaults:5)
  A deep elf blademaster (Elf:3)
  A quicksilver dragon (Vaults:5)
  A titan (Vaults:5)
  An Orb Guardian (Zot:5)
  A frost giant (Vaults:5)
  2 caustic shrike zombies (Depths:3)
  A draconian scorcher (Zot:5)
  A Killer Klown zombie (Zot:5)
  A black draconian (Zot:3)
  A white draconian (Zot:3)
  A yellow draconian (Zot:5)
  A merfolk javelineer (Shoals:2)
  3 vault guards (Vaults:5)
  2 deep elf high priests (Vaults:5)
  A yaktaur captain (Vaults:3)
  6 Orb Guardian zombies (Zot:5)
  An ironbound frostheart (Vaults:2)
  A centaur warrior (D:15)
  4 storm dragon zombies
  A deep elf knight (Elf:1)
  A sixfirhy (Abyss:2)
  A tengu zombie (Crypt:1)
  A ghost moth zombie (Zot:4)
  2 golden dragon zombies
  A deep elf archer (Elf:2)
  A harpy (Shoals:3)
  A lindwurm (Vaults:1)
  2 deep elf zephyrmancers
  A shadow dragon zombie (Zot:3)
  A sphinx zombie (Vaults:5)
  3 stone giant zombies
  An iron dragon zombie (Depths:3)
  8 draconian zombies
  An orc sorcerer (Orc:2)
  An ugly thing (Vaults:4)
  2 frost giant zombies (Vaults:5)
  A faun (Shoals:2)
  A demonic crawler (Spider:3)
  7 red draconian zombies
  7 yellow draconian zombies
  A purple draconian zombie (Zot:5)
  A redback zombie (Spider:4)
  A yaktaur (Vaults:3)
  2 green draconian zombies (Zot:5)
  A spriggan zombie (Depths:4)
  5 white draconian zombies
  5 black draconian zombies
  A freezing wraith (Crypt:1)
  A hornet (Lair:5)
  A boulder beetle zombie (Depths:4)
  A troll (D:11)
  A blink frog (Lair:3)
  3 moth of wrath zombies
  3 fire dragon zombies
  2 culicivora zombies (Spider:4)
  A jumping spider zombie (Spider:4)
  4 ice dragon zombies
  11 elf zombies
  2 vampire mosquitoes
  An ogre zombie (Vaults:5)
  A water moccasin (Lair:5)
  3 deep troll zombies (Vaults:5)
  An ettin simulacrum (Vaults:5)
  An orc warrior (Orc:2)
  12 human zombies (Vaults:5)
  An orc priest (Orc:2)
  A killer bee zombie (Lair:1)
  5 orcs
  A quokka (Depths:3)
  A snaplasher vine (Depths:1)
  10 starspawn tentacles
  A tentacle (Shoals:3)
164 creatures vanquished.

Grand Total: 2321 creatures vanquished

Notes
Turn   | Place    | Note
-------+----------+-------------------------------------------
     0 | D:1      | DemonspawnMonk the Demonspawn Monk began the quest for the
                  | Orb.
     0 | D:1      | Reached XP level 1. HP: 18/18 MP: 1/1
   281 | D:1      | Gained mutation: Your movements are slightly less
                  | encumbered by armour. (ER -2) [demonic ancestry]
   281 | D:1      | Reached XP level 2. HP: 24/24 MP: 2/2
  1066 | D:2      | Gained mutation: You are partially covered in sharp spines.
                  | [demonic ancestry]
  1066 | D:2      | Reached XP level 3. HP: 29/29 MP: 3/3
  1363 | D:2      | Gained mutation: You are mostly covered in sharp spines.
                  | [demonic ancestry]
  1363 | D:2      | Reached XP level 4. HP: 35/35 MP: 4/4
  2363 | D:4      | Found a sacrificial altar of Ru.
  2380 | D:4      | Became a worshipper of Ru the Awakened
  2396 | D:4      | Gained mutation: You cannot study or use magical devices.
                  | [Ru sacrifice]
  2396 | D:4      | Reached * piety under Ru
  2396 | D:4      | Reached ** piety under Ru
  2416 | D:4      | Reached skill level 5 in Long Blades
  2461 | D:4      | Noticed a bullfrog
  2530 | D:4      | Gained mutation: You have a pair of small horns on your
                  | head. [demonic ancestry]
  2530 | D:4      | Reached XP level 5. HP: 39/41 MP: 5/5
  2930 | D:4      | Found an ancient bone altar of Kikubaaqudgha.
  3068 | D:5      | Entered Level 5 of the Dungeon
  3124 | D:5      | Noticed an ogre
  3133 | D:5      | Killed an ogre
  3134 | D:5      | Reached skill level 1 in Short Blades
  3134 | D:5      | Gained mutation: Your movements are less encumbered by
                  | armour. (ER -4) [demonic ancestry]
  3134 | D:5      | Reached XP level 6. HP: 42/47 MP: 6/6
  3443 | D:5      | Found a staircase to the Ecumenical Temple.
  3510 | D:5      | Reached XP level 7. HP: 52/52 MP: 7/7
  3738 | D:5      | Noticed a hornet
  3752 | D:5      | Paralysed by a hornet for 2 turns
  3817 | D:5      | Killed a hornet
  3818 | D:5      | Reached skill level 5 in Short Blades
  4660 | D:6      | Reached XP level 8. HP: 58/58 MP: 8/8
  4848 | D:6      | Learned a level 2 spell: Passwall
  4851 | D:6      | Learned a level 2 spell: Blink
  4917 | D:6      | Reached skill level 1 in Armour
  4974 | D:7      | Found a flagged portal.
  5115 | Bailey   | Entered a bailey
  5136 | Bailey   | Gained mutation: You are somewhat inexperienced. (-1 XL)
                  | [Ru sacrifice]
  5136 | Bailey   | Reached XP level 7. HP: 52/52 MP: 7/7
  5136 | Bailey   | Reached *** piety under Ru
  5136 | Bailey   | Reached **** piety under Ru
  5392 | Bailey   | Reached skill level 5 in Armour
  5660 | Bailey   | Reached XP level 8. HP: 33/58 MP: 8/8
  5981 | Bailey   | Noticed an orc knight
  6148 | Bailey   | Identified the +12 triple sword "Giantbane" {flame, Drain
                  | rCorr Str+3 Stlth+}
  6269 | D:7      | Reached skill level 5 in Fighting
  6282 | D:7      | Found Saes's Jewellery Shoppe.
  6286 | D:7      | Identified the +12 dagger of the Lost Hosts {heavy, rC+}
  6437 | D:7      | Found a stormy altar of Qazlal.
  6449 | D:7      | Found a broken altar of Ashenzari.
  6578 | D:7      | Found Rouwnut's Distillery.
  6587 | D:7      | Bought a potion of heal wounds for 70 gold pieces
  6587 | D:7      | Bought a potion of might for 56 gold pieces
  6587 | D:7      | Bought a potion of berserk rage for 70 gold pieces
  6587 | D:7      | Bought a potion of heal wounds for 70 gold pieces
  6905 | D:7      | Found Dufus's Assorted Antiques.
  7044 | D:8      | Identified the +2 dagger of Innocence {heavy, Int+3}
  7528 | D:8      | Found a sand-covered staircase.
  7535 | Ossuary  | Entered an ossuary
  7727 | D:8      | Gained mutation: You cannot train Dodging skill. [Ru
                  | sacrifice]
  7727 | D:8      | Reached ***** piety under Ru
  7873 | D:8      | Noticed Grum
  7899 | D:7      | Killed Grum
  7900 | D:7      | Reached XP level 9. HP: 36/74 MP: 9/9
  8160 | D:8      | Noticed Maurice
  8181 | D:8      | Killed Maurice
  8821 | D:9      | Found Inleucli's Armour Shoppe.
  9109 | D:7      | Bought a potion of heal wounds for 70 gold pieces
  9109 | D:7      | Bought a potion of cancellation for 112 gold pieces
  9109 | D:7      | Bought a potion of curing for 42 gold pieces
  9616 | D:6      | Identified the +2 ring mail of Tidept {Str+2 Slay+2}
  9963 | D:10     | Entered Level 10 of the Dungeon
 10062 | D:10     | Noticed Sonja
 10149 | D:10     | Killed Sonja
 10150 | D:10     | Reached skill level 1 in Throwing
 10233 | D:10     | Found a staircase to the Orcish Mines.
 10359 | D:10     | Identified the +0 scale mail of the Known World {rPois
                  | Dex-5 Stlth+}
 10404 | D:10     | Learned a level 1 spell: Apportation
 10435 | D:10     | Noticed Lodul
 10449 | D:10     | Killed Lodul
 10450 | D:10     | Gained mutation: You have a pair of horns on your head.
                  | [demonic ancestry]
 10450 | D:10     | Reached XP level 10. HP: 70/80 MP: 10/10
 10457 | D:10     | Reached skill level 5 in Throwing
 10459 | D:10     | Gained mutation: You have somewhat slow reflexes. (EV -5)
                  | [Ru sacrifice]
 10459 | D:10     | Reached ****** piety under Ru
 10815 | D:10     | Noticed Amaemon
 10820 | D:10     | Killed Amaemon
 11260 | D:11     | Reached skill level 1 in Maces & Flails
 11417 | D:11     | Noticed a two-headed ogre
 11427 | D:11     | Killed a two-headed ogre
 11505 | D:11     | Noticed a boulder beetle
 11521 | D:11     | Killed a boulder beetle
 11578 | D:11     | Found a frozen archway.
 11586 | IceCv    | Entered an ice cave
 12345 | IceCv    | Reached skill level 5 in Maces & Flails
 13008 | D:11     | Found a staircase to the Lair.
 13345 | Lair:1   | Entered Level 1 of the Lair of Beasts
 13443 | Lair:1   | Noticed a boulder beetle
 13454 | Lair:1   | Killed a boulder beetle
 13516 | Lair:1   | Noticed Zeor's ghost (journeyman DECj)
 13519 | Lair:1   | Found a transporter.
 13610 | Lair:1   | Found a transporter.
 13810 | Lair:1   | Reached XP level 11. HP: 80/86 MP: 11/11
 13854 | Lair:1   | Noticed Fannar
 13870 | Lair:1   | Killed Fannar
 13890 | Lair:1   | Found a transporter.
 14036 | Lair:1   | Found a transporter.
 14536 | Lair:2   | Found a hole to the Spider Nest.
 14787 | Lair:2   | Found a staircase to the Shoals.
 14891 | Lair:2   | Noticed Nergalle
 14898 | Lair:2   | Killed Nergalle
 15462 | Lair:3   | Reached skill level 10 in Maces & Flails
 15628 | Lair:3   | Noticed a five-headed hydra
 16406 | Lair:3   | Killed a five-headed hydra
 16753 | Lair:4   | Noticed a boulder beetle
 16763 | Lair:4   | Killed a boulder beetle
 16858 | Lair:4   | Reached XP level 12. HP: 83/92 MP: 12/12
 17058 | Lair:4   | Found a runed translucent door.
 17058 | Lair:4   | Found a viscous altar of Jiyva.
 17058 | Lair:4   | Found a staircase to the Slime Pits.
 17058 | Lair:4   | Noticed an acid blob
 17059 | Lair:4   | Noticed an acid blob
 18171 | D:7      | Bought an amulet of guardian spirit for 450 gold pieces
 18492 | Lair:5   | Entered Level 5 of the Lair of Beasts
 18537 | Lair:5   | Reached skill level 10 in Throwing
 19429 | Lair:5   | Reached skill level 1 in Translocations
 19458 | Lair:5   | Gained mutation: Your movements are significantly less
                  | encumbered by armour. (ER -6) [demonic ancestry]
 19458 | Lair:5   | Reached XP level 13. HP: 79/98 MP: 11/13
 19851 | Lair:5   | Reached skill level 5 in Translocations
 20264 | Lair:5   | Identified the +1 dagger "Gousmikk" {drain, rPois Dex+4}
 20515 | D:11     | Learned a level 3 spell: Vhi's Electric Charge
 20796 | D:12     | Noticed Kirke
 21256 | D:12     | Killed Kirke
 21756 | D:7      | Bought a +5 ring of evasion for 540 gold pieces
 22072 | D:13     | Noticed Urug
 22073 | D:13     | Noticed Jorgrun
 22078 | D:13     | Killed Urug
 22085 | D:13     | Killed Jorgrun
 22086 | D:13     | Reached skill level 10 in Armour
 23528 | Orc:1    | Entered Level 1 of the Orcish Mines
 23713 | Orc:1    | Found a bloodstained altar of Trog.
 24180 | Orc:2    | Entered Level 2 of the Orcish Mines
 24184 | Orc:2    | Paralysed by an orc sorcerer for 4 turns
 24628 | Orc:2    | Reached skill level 1 in Spellcasting
 24739 | Orc:2    | Found a staircase to the Elven Halls.
 24967 | Orc:2    | Gained mutation: You have a pair of large horns on your
                  | head. [demonic ancestry]
 24967 | Orc:2    | Reached XP level 14. HP: 101/105 MP: 15/18
 25423 | Orc:2    | Found Ginos's Jewellery Boutique.
 25423 | Orc:2    | Found Roit's Assorted Antiques.
 25425 | Orc:2    | Found Doepuo's Magic Scroll Emporium.
 25427 | Orc:2    | Found Fiemafodo's General Store.
 25432 | Orc:2    | Bought a scroll of blinking for 247 gold pieces
 25432 | Orc:2    | Bought a potion of heal wounds for 165 gold pieces
 25439 | Orc:2    | Bought a scroll of blinking for 135 gold pieces
 25439 | Orc:2    | Bought a potion of haste for 180 gold pieces
 25751 | D:7      | Bought a scroll of teleportation for 63 gold pieces
 25751 | D:7      | Bought a potion of might for 84 gold pieces
 25934 | Orc:2    | Bought a scroll of teleportation for 42 gold pieces
 25934 | Orc:2    | Bought a scroll of fog for 56 gold pieces
 26145 | D:14     | Found a flickering gateway to a bazaar.
 26503 | Bazaar   | Entered a bazaar
 26711 | Bazaar   | Found Wagas's General Store.
 26712 | Bazaar   | Found Rocs's Weapon Shoppe.
 26755 | Bazaar   | Found Ziadeode's General Store.
 26755 | Bazaar   | Found Ygipiyli's General Store.
 26799 | Bazaar   | Bought a scroll of teleportation for 36 gold pieces
 26834 | Bazaar   | Bought a scroll of fear for 56 gold pieces
 27420 | D:15     | Entered Level 15 of the Dungeon
 27729 | D:15     | Found a runed translucent door.
 27730 | D:15     | Noticed a tengu reaver
 28326 | D:14     | Reached skill level 10 in Fighting
 29165 | D:15     | Found Kasefy's Weapon Emporium.
 29654 | D:14     | Found a gate to the Vaults.
 30458 | Shoals:1 | Entered Level 1 of the Shoals
 30820 | Shoals:1 | Reached skill level 1 in Stealth
 31043 | Shoals:1 | Gained mutation: Your magical and physical power is
                  | slightly enhanced at high health. [demonic ancestry]
 31043 | Shoals:1 | Reached XP level 15. HP: 86/120 MP: 18/21
 31327 | Shoals:1 | Identified a scroll of acquirement
 31328 | Shoals:1 | Acquired a manual of Fighting
 31597 | Shoals:1 | Identified the +2 dagger "Laguh" {protect, rF+}
 31909 | Shoals:2 | Reached skill level 5 in Stealth
 32759 | Shoals:2 | You fall into a shaft and drop 1 floor!
 32760 | Shoals:3 | Noticed Polyphemus
 32912 | Shoals:3 | Noticed Ilsuiw
 32924 | Shoals:3 | Reached skill level 10 in Translocations
 32927 | Shoals:3 | Killed Ilsuiw
 32983 | Shoals:3 | Killed Polyphemus
 33526 | Shoals:3 | Noticed a kraken
 33530 | Shoals:3 | Killed a kraken
 34177 | Shoals:2 | Identified the +1 plate armour "Viman" {Int+3}
 34490 | Shoals:4 | Entered Level 4 of the Shoals
 34598 | Shoals:4 | Noticed Mlioglotl
 34610 | Shoals:3 | Killed Mlioglotl
 34863 | Shoals:4 | Reached XP level 16. HP: 122/122 MP: 22/22
 34994 | Shoals:4 | Identified the +2 ring mail of Resonance {Harm rPois rN+++
                  | Slay-5}
 35196 | Shoals:4 | Found Hischix's Book Emporium.
 35426 | Shoals:4 | Reached skill level 15 in Throwing
 36282 | Shoals:4 | Got a barnacled rune of Zot
 36407 | Spider:1 | Entered Level 1 of the Spider Nest
 37668 | Spider:1 | Reached skill level 1 in Transmutations
 38718 | Spider:2 | Reached skill level 5 in Transmutations
 39166 | Orc:2    | Bought a scroll of enchant armour for 105 gold pieces
 39664 | Spider:2 | Identified the +1 robe of Gozag's Fury {Rampage}
 39934 | Spider:2 | Reached skill level 1 in Shields
 40752 | Spider:3 | Reached skill level 1 in Earth Magic
 41229 | Spider:3 | Gained mutation: You sometimes gain a little power by
                  | taking damage. [demonic ancestry]
 41229 | Spider:3 | Reached XP level 17. HP: 135/135 MP: 23/23
 41626 | Spider:3 | Identified Roxanne's Thoughts on Evolution
 41626 | Spider:3 | Noticed Roxanne
 41745 | Spider:4 | Entered Level 4 of the Spider Nest
 41819 | Spider:4 | Reached skill level 5 in Earth Magic
 41950 | Spider:4 | Noticed Agnes
 41957 | Spider:4 | Killed Agnes
 42002 | Spider:4 | Noticed Arachne
 42027 | Spider:4 | Killed Arachne
 42594 | D:15     | Found a staircase to the Depths.
 42673 | Vaults:1 | Entered Level 1 of the Vaults
 43735 | Vaults:1 | Found a portal to a secret trove of treasure.
 44519 | Vaults:1 | Found a transporter.
 44532 | Vaults:1 | Found a transporter.
 44969 | Vaults:1 | Learned a level 4 spell: Manifold Assault
 44975 | Vaults:1 | Learned a level 5 spell: Summon Forest
 45044 | Vaults:2 | Reached skill level 10 in Stealth
 45143 | Vaults:2 | Reached skill level 1 in Air Magic
 45730 | Vaults:2 | Reached skill level 5 in Air Magic
 46664 | Vaults:2 | Reached skill level 5 in Spellcasting
 47717 | Vaults:2 | Gained mutation: You sometimes gain power by taking damage.
                  | [demonic ancestry]
 47717 | Vaults:2 | Reached XP level 18. HP: 129/141 MP: 21/27
 47721 | Vaults:2 | Learned a level 3 spell: Swiftness
 48043 | Vaults:2 | Reached skill level 1 in Summonings
 48925 | Vaults:3 | Reached skill level 5 in Summonings
 49754 | Vaults:3 | Found a huge runed gate.
 49754 | Vaults:3 | Found a huge runed gate.
 49756 | Vaults:3 | Found a huge runed gate.
 49757 | Vaults:3 | Found a huge runed gate.
 49758 | Vaults:3 | Found a huge runed gate.
 49758 | Vaults:3 | Found a huge runed gate.
 49758 | Vaults:3 | Found a huge runed gate.
 49758 | Vaults:3 | Found a huge runed gate.
 49759 | Vaults:3 | Found a huge runed gate.
 49760 | Vaults:3 | Found a huge runed gate.
 49763 | Vaults:3 | Found a huge runed gate.
 49763 | Vaults:3 | Found a huge runed gate.
 49763 | Vaults:3 | Found a huge runed gate.
 49763 | Vaults:3 | Found a huge runed gate.
 49763 | Vaults:3 | Found a huge runed gate.
 49763 | Vaults:3 | Found a huge runed gate.
 49764 | Vaults:3 | Found a huge runed gate.
 49765 | Vaults:3 | Found a huge runed gate.
 49767 | Vaults:3 | Found a huge runed gate.
 50067 | Vaults:3 | Reached skill level 15 in Fighting
 50325 | Vaults:3 | Identified the +2 battleaxe of Nuschyudy {speed, rPois rF-
                  | Str+8}
 50503 | Vaults:3 | Found a staircase to the Crypt.
 50739 | Vaults:3 | Reached skill level 5 in Shields
 51283 | Vaults:3 | Found a huge runed gate.
 51283 | Vaults:3 | Found a huge runed gate.
 51283 | Vaults:3 | Found a huge runed gate.
 51283 | Vaults:3 | Found a huge runed gate.
 51283 | Vaults:3 | Found a huge runed gate.
 51283 | Vaults:3 | Found a huge runed gate.
 51284 | Vaults:3 | Found a huge runed gate.
 51285 | Vaults:3 | Found a huge runed gate.
 51286 | Vaults:3 | Found a huge runed gate.
 51294 | Vaults:3 | Found a huge runed gate.
 51294 | Vaults:3 | Found a huge runed gate.
 51294 | Vaults:3 | Found a huge runed gate.
 51294 | Vaults:3 | Found a huge runed gate.
 51294 | Vaults:3 | Found a huge runed gate.
 51294 | Vaults:3 | Found a huge runed gate.
 51295 | Vaults:3 | Found a huge runed gate.
 51296 | Vaults:3 | Found a huge runed gate.
 51718 | Vaults:4 | Found a flickering gateway to a bazaar.
 51730 | Bazaar   | Entered a bazaar
 51750 | Bazaar   | Found Mycethaing's Antique Armour Emporium.
 51772 | Bazaar   | Found Opsets's Antique Weapon Shoppe.
 51804 | Bazaar   | Found Emnau's Weapon Shoppe.
 51815 | Bazaar   | Found Teimimmi's Antique Armour Shoppe.
 51826 | Bazaar   | Found Qigu's Weapon Emporium.
 51847 | Bazaar   | Bought a pair of runed boots for 195 gold pieces
 51904 | Bazaar   | Bought a warped chain mail for 218 gold pieces
 51904 | Bazaar   | Identified the +6 chain mail "Metyh" {rElec rN+ Will-} (You
                  | bought it in a shop in a bazaar)
 51952 | Bazaar   | Bought an ancient great mace for 333 gold pieces
 51952 | Bazaar   | Identified the +3 great mace "Gegeuq" {heavy, Will+} (You
                  | bought it in a shop in a bazaar)
 53025 | Vaults:4 | Found a runed translucent gate.
 53025 | Vaults:4 | Found a runed translucent gate.
 53025 | Vaults:4 | Found a runed translucent gate.
 53025 | Vaults:4 | Found an opulent altar of Gozag.
 53025 | Vaults:4 | Found Foutos's Assorted Antiques.
 53025 | Vaults:4 | Noticed a golden dragon
 53025 | Vaults:4 | Noticed dolemite99's ghost (veteran DrFE)
 53276 | Vaults:4 | Reached XP level 19. HP: 128/151 MP: 28/28
 53483 | Vaults:4 | Noticed Bai Suzhen
 53543 | Vaults:4 | Killed Bai Suzhen
 54847 | D:14     | Learned a level 5 spell: Summon Mana Viper
 54917 | Depths:1 | Entered Level 1 of the Depths
 55328 | Depths:1 | Noticed Mara
 55474 | Depths:1 | Noticed DemonspawnMonk's illusion
 55540 | D:15     | Reached skill level 10 in Summonings
 55661 | Depths:1 | Reached skill level 1 in Hexes
 55680 | Depths:1 | Killed Mara
 55755 | Depths:1 | Found a one-way gateway to a ziggurat.
 55861 | Depths:1 | Noticed Saint Roka
 55884 | Depths:1 | Killed Saint Roka
 55895 | Depths:1 | Reached skill level 5 in Hexes
 56188 | Depths:1 | Found Ragakk's Antique Weapon Shop.
 56642 | Depths:1 | Found a runed translucent door.
 56645 | Depths:1 | Found a radiant altar of Vehumet.
 56646 | Depths:1 | Noticed an ancient lich
 56713 | Abyss:2  | Cast into level 2 of the Abyss (a wizard)
 56878 | Abyss:2  | Found an opulent altar of Gozag.
 57041 | Depths:1 | Escaped the Abyss
 57164 | Depths:1 | Found a gateway to Hell.
 57904 | Abyss:2  | Cast into level 2 of the Abyss (a wizard)
 58020 | Abyss:2  | Found a corrupted altar of Lugonu.
 58045 | Abyss:2  | Found a corrupted altar of Lugonu.
 58045 | Abyss:2  | Found a corrupted altar of Lugonu.
 58080 | Abyss:2  | Found a corrupted altar of Lugonu.
 58084 | Abyss:2  | Found a corrupted altar of Lugonu.
 58084 | Abyss:2  | Found a corrupted altar of Lugonu.
 58224 | Abyss:2  | Found a corrupted altar of Lugonu.
 58275 | Abyss:2  | Found a shimmering altar of Xom.
 58510 | Abyss:3  | Noticed a bone dragon
 58528 | Abyss:3  | Killed a bone dragon
 58690 | Depths:2 | Escaped the Abyss
 58744 | Depths:2 | Found an opulent altar of Gozag.
 59186 | Shoals:4 | Bought a book of Death for 572 gold pieces
 59191 | Shoals:4 | Learned a level 4 spell: Animate Dead
 59503 | Depths:2 | Reached skill level 1 in Necromancy
 60083 | Depths:2 | Found a one-way gate leading to the halls of Pandemonium.
 60443 | Depths:1 | Gained mutation: You are completely covered in sharp
                  | spines. [demonic ancestry]
 60443 | Depths:1 | Reached XP level 20. HP: 144/163 MP: 26/32
 60994 | Depths:3 | Reached skill level 5 in Necromancy
 61226 | Depths:3 | Noticed Xtahua
 61239 | Depths:3 | Killed Xtahua
 61462 | Depths:3 | Noticed a golden dragon
 61478 | Depths:3 | Killed a golden dragon
 61585 | Depths:3 | Noticed a caustic shrike
 61587 | Depths:3 | Noticed a caustic shrike
 61588 | Depths:3 | Noticed a caustic shrike
 61592 | Depths:3 | Killed a caustic shrike
 61596 | Depths:3 | Found Surufigamm's Weapon Boutique.
 61596 | Depths:3 | Identified the ring of the Cockroach {rC+ rCorr Str+3}
 61779 | Depths:3 | Killed a caustic shrike
 62141 | Depths:3 | Killed a caustic shrike
 62666 | Depths:3 | Noticed a golden dragon
 62687 | Depths:3 | Reached skill level 10 in Necromancy
 62692 | Depths:3 | Killed a golden dragon
 62990 | Depths:3 | Identified the +0 pair of gloves "Somybixt" {rElec rF+ rC+
                  | Str-3}
 63142 | Depths:3 | Noticed a caustic shrike
 63143 | Depths:3 | Noticed a caustic shrike
 63144 | Depths:3 | Noticed a caustic shrike
 63144 | Depths:3 | Noticed a caustic shrike
 63144 | Depths:3 | Noticed a caustic shrike
 63152 | Depths:3 | Killed a caustic shrike
 63154 | Depths:3 | Killed a caustic shrike
 63156 | Depths:3 | Killed a caustic shrike
 63157 | Depths:3 | Killed a caustic shrike
 63159 | Depths:3 | Killed a caustic shrike
 63212 | Depths:3 | Paralysed by a sphinx for 2 turns
 63446 | Depths:3 | Found a one-way gate to the infinite horrors of the Abyss.
 63858 | Elf:1    | Entered Level 1 of the Elven Halls
 63895 | Elf:1    | Learned a level 4 spell: Animate Armour
 66725 | Elf:2    | Paralysed by an air elemental for 1 turns
 67173 | Elf:2    | Found a runed translucent gate.
 67173 | Elf:2    | Found a runed translucent gate.
 67188 | Elf:2    | Found a runed translucent gate.
 67434 | Elf:3    | Entered Level 3 of the Elven Halls
 68562 | Depths:4 | Entered Level 4 of the Depths
 68623 | Depths:4 | Gained mutation: Your magical and physical power is
                  | enhanced at high health. [demonic ancestry]
 68623 | Depths:4 | Reached XP level 21. HP: 167/180 MP: 23/33
 68691 | Depths:4 | Noticed Jory
 68743 | Depths:4 | Killed Jory
 68743 | Depths:4 | Noticed Vv
 69167 | Depths:4 | Noticed the Enchantress
 69179 | Depths:4 | Killed the Enchantress
 69809 | Depths:4 | Reached skill level 10 in Hexes
 70129 | Depths:4 | Found a gate to the Realm of Zot.
 70158 | Depths:4 | Found Korua's Assorted Antiques.
 70199 | Depths:4 | Bought a scroll of enchant armour for 337 gold pieces
 70199 | Depths:4 | Bought a potion of lignification for 135 gold pieces
 70199 | Depths:4 | Bought a bubbling amethyst potion for 40 gold pieces
 70227 | Depths:4 | Killed Vv
 71378 | Vaults:3 | Identified the staff of poison "Sogrojoi" {Fly rElec rPois
                  | rN+++ Int+3}
 72489 | Elf:3    | Identified the amulet of Wadwoot {Acrobat Regen+}
 72496 | Elf:3    | yo let's go
 72676 | Elf:3    | Found the +6 lightning scales {swift, rElec}
 72679 | Elf:3    | Identified the +4 spear of Gin and Tonic {pain, *Corrode
                  | Will++ Str+3}
 72688 | Elf:3    | Identified the +8 arbalest of the Tomato {flame, rPois
                  | Will- Str+4 SInv}
 72697 | Elf:3    | Identified the staff of earth "Luatrull" {Will+ Int-3
                  | Dex+3}
 72701 | Elf:3    | Identified the staff of cold "Ughikigy" {rF+ rC+ Str+4
                  | Dex+5}
 73973 | Spider:4 | Reached skill level 15 in Armour
 74013 | Spider:4 | Got a gossamer rune of Zot
 74483 | D:15     | Paralysed by a sphinx for 4 turns
 74491 | D:15     | Identified the ring "Losokhlo" {Str+6 Int+6 Slay-6}
 74944 | Lair:1   | Identified the +0 cloak of Puckish Joy {-Cast +Blink Str+3}
 75013 | Lair:1   | Killed Zeor's ghost
 75330 | Vaults:5 | Entered Level 5 of the Vaults
 75501 | Vaults:5 | Gained mutation: You are powered by pain. [demonic
                  | ancestry]
 75501 | Vaults:5 | Reached XP level 22. HP: 157/179 MP: 34/34
 75706 | Vaults:5 | Identified the +7 flail of Voahecia {antimagic, Will+ SInv
                  | Stlth+}
 75737 | Vaults:5 | Got the Codex of Feathery Open Graves
 75739 | Vaults:5 | Identified the staff of earth "Vosuracu" {rF++ rN+}
 76203 | Abyss:3  | Found a corrupted altar of Lugonu.
 76203 | Abyss:3  | Cast into level 3 of the Abyss (a deep elf demonologist)
 76317 | Abyss:3  | Noticed a dread lich
 76365 | Abyss:3  | Got an abyssal rune of Zot
 76372 | Vaults:5 | Escaped the Abyss
 76398 | Vaults:5 | Identified the staff of conjuration "Ferat" {rC+ rCorr
                  | Str+7 Dex-2}
 76927 | Vaults:5 | Reached skill level 10 in Shields
 77401 | Vaults:5 | Got the Incunabulum of Silt and Movement
 77649 | Vaults:5 | Identified the +2 crystal plate armour "Qenuown" {rCorr}
 78062 | Vaults:5 | Got a silver rune of Zot
 78560 | Crypt:1  | Entered Level 1 of the Crypt
 78566 | Crypt:1  | Noticed Sojobo
 78576 | Crypt:1  | Noticed Frederick
 78597 | Crypt:1  | Killed Sojobo
 79047 | Crypt:1  | Killed Frederick
 79435 | Crypt:1  | Gained mutation: Your magical and physical power is greatly
                  | enhanced at high health. [demonic ancestry]
 79435 | Crypt:1  | Reached XP level 23. HP: 158/176 MP: 24/35
 80877 | Vaults:1 | You paid a toll of a +6 demon trident to enter a treasure
                  | trove
 80878 | Trove    | Entered a treasure trove
 80883 | Trove    | Found the +8 orange crystal plate armour {Archmagi, Int+3
                  | Clar}
 80885 | Trove    | Identified the +0 pair of boots "Noopedyx" {rF+ Str+4}
 80886 | Trove    | Identified the amulet "Ingoybutao" {RegenMP Rampage +Blink
                  | rN+ Will-}
 80888 | Trove    | Identified the amulet of the Ferocious God {RegenMP Int+6
                  | SInv}
 80891 | Trove    | Identified the ring of the Heavens {rElec rC+ rN+ Str-4
                  | Int+6}
 80899 | Trove    | Identified the ring of Ynuemikh {rF+ rN+}
 80903 | Trove    | Identified the +7 falchion "Lerud" {holy, rF+ rC++ Str-4}
 81175 | Orc:2    | Bought the ring "Xyufrege" {rPois rF+ Int+2} for 525 gold
                  | pieces
 81184 | Orc:2    | Bought a potion of invisibility for 144 gold pieces
 81380 | D:7      | Bought a potion of lignification for 42 gold pieces
 81578 | Orc:2    | Bought a potion of haste for 330 gold pieces
 81861 | Zot:1    | Entered Level 1 of the Realm of Zot
 81893 | Zot:1    | Identified the ring "Zorouc" {Ice Will+ rCorr Str+2 Dex+3}
 81893 | Zot:1    | Noticed Josephina
 81918 | Depths:4 | Killed Josephina
 82079 | Zot:1    | Reached skill level 15 in Maces & Flails
 84556 | Zot:3    | Reached skill level 10 in Spellcasting
 85310 | Zot:3    | Noticed an ancient lich
 85600 | Zot:3    | Killed an ancient lich
 86000 | Zot:3    | Found a stormy altar of Qazlal.
 86026 | Zot:3    | Identified the +6 chain mail of the Candlemaker {Harm Int+2
                  | SInv}
 86164 | Zot:4    | Noticed an orb of fire
 86176 | Zot:4    | Killed an orb of fire
 86537 | Zot:5    | Entered Level 5 of the Realm of Zot
 86631 | Zot:5    | Reached XP level 24. HP: 164/201 MP: 32/39
 86694 | Zot:5    | Noticed snarfax's ghost (legendary GrBe)
 86695 | Zot:5    | Found a runed translucent door.
 86765 | Zot:5    | Found Boor's CLEARANCE SALE!.
 86770 | Zot:5    | Bought a potion of magic for 48 gold pieces
 86770 | Zot:5    | Bought a scroll of fog for 24 gold pieces
 86922 | Zot:5    | Killed snarfax's ghost
 86942 | Zot:5    | Got Affifil's Grimoire of Terra Firma
 87562 | Zot:5    | Noticed a Killer Klown
 87583 | Zot:5    | Killed a Killer Klown
 87602 | Zot:5    | Acquired 539 gold pieces
 87874 | Zot:5    | Noticed a dread lich
 87910 | Zot:5    | Noticed an ancient lich
 87915 | Zot:5    | Killed an ancient lich
 87944 | Zot:5    | Killed a dread lich
 88001 | Zot:5    | Noticed a dread lich
 88012 | Zot:5    | Killed a dread lich
 88183 | Zot:5    | Noticed an orb of fire
 88186 | Zot:5    | Gained mutation: You are clumsy. (Dex -2) [an orb of fire]
 88199 | Zot:5    | Gained mutation: Armour fits poorly on your strangely
                  | shaped body. [an orb of fire]
 88206 | Zot:5    | Gained mutation: Potions are less effective at restoring
                  | your health. [an orb of fire]
 88211 | Zot:5    | Gained mutation: Your body sometimes deteriorates upon
                  | taking damage. [an orb of fire]
 88212 | Zot:5    | Killed an orb of fire
 88214 | Zot:5    | Noticed a dread lich
 88481 | Zot:5    | Paralysed by a dread lich for 4 turns
 88492 | Zot:5    | Killed a dread lich
 88600 | Zot:5    | Lost mutation: Armour fits poorly on your strangely shaped
                  | body. [potion of mutation]
 88600 | Zot:5    | Lost mutation: Potions are less effective at restoring your
                  | health. [potion of mutation]
 88600 | Zot:5    | Lost mutation: Your body sometimes deteriorates upon taking
                  | damage. [potion of mutation]
 88600 | Zot:5    | Gained mutation: You have large cloven feet. [potion of
                  | mutation]
 88600 | Zot:5    | Gained mutation: Your spells are a little harder to cast,
                  | but a little more powerful. [potion of mutation]
 88600 | Zot:5    | Gained mutation: You are occasionally teleported next to
                  | monsters. [potion of mutation]
 88600 | Zot:5    | Gained mutation: Your mind is acute. (Int +4, Str/Dex -1)
                  | [potion of mutation]
 88601 | Zot:5    | Lost mutation: You are occasionally teleported next to
                  | monsters. [potion of mutation]
 88601 | Zot:5    | Lost mutation: You have large cloven feet. [potion of
                  | mutation]
 88601 | Zot:5    | Lost mutation: You are clumsy. (Dex -2) [potion of
                  | mutation]
 88601 | Zot:5    | Gained mutation: Your flesh is heat resistant. (rF+)
                  | [potion of mutation]
 88601 | Zot:5    | Gained mutation: You are strong-willed. (Will+) [potion of
                  | mutation]
 88623 | Zot:5    | Noticed an orb of fire
 88630 | Zot:5    | Killed an orb of fire
 88642 | Zot:5    | Noticed an orb of fire
 88642 | Zot:5    | Gained mutation: You sometimes lose your temper in combat.
                  | [an orb of fire]
 88656 | Zot:5    | Killed an orb of fire
 88714 | Zot:5    | Noticed an orb of fire
 89041 | Zot:5    | Killed an orb of fire
 89119 | Zot:5    | Noticed an ancient lich
 89126 | Zot:5    | Killed an ancient lich
 89266 | Zot:5    | Learned a level 6 spell: Dispersal
 89324 | Zot:5    | Got the Orb of Zot
 89340 | Zot:5    | Noticed an orb of fire
 89362 | Zot:5    | Noticed a Killer Klown
 89922 | D:$      | Escaped with the Orb!

Illustrated notes

###8#.#.#...#....
######............
#########'####....
##8###.......###..
######..........###
#######....#.......##
###8###Z)..##.......##
8######Z#...##..#)...# .
#######@##...#...#...##.
######)..##......##...#.
#...'..⌠..#.......##..##
....##....##.......#...#
... ##....#####.....8.#
.. ###.8.## ###.....# .
.##..).| ##...))
...##):/|): #....#
...##))/*/) ##.8.#


Turn 72496 on Elf:3: yo let's go

Levels and vault maps discovered:
D:1:      arrival_zaba_pyramid, layout_basic, serial_forest,
          infiniplex_forest_clump_tiny, infiniplex_forest_lined_3,
          infiniplex_forest_clump_C, infiniplex_forest_clump_curved,
          infiniplex_forest_end_2, infiniplex_forest_straight_3,
          infiniplex_forest_clump_double, infiniplex_forest_clump_tiny
D:2:      minmay_recursive_quarters, layout_rooms
D:3:      layout_basic, chequers_avenue, due_unseen_surprise
D:4:      layout_loops_cross, kennysheep_mini, nicolae_ru_awakened_eye,
          lightli_corner_chamber
D:5:      layout_basic, minmay_temple_entry_water_ring,
          dreamdust_princess_corridor
D:6:      layout_loops_corners, nrook_loot_triangle,
          minmay_misc_feat_more_columns
D:7:      layout_rooms, mainiacjoe_overflow_catwalk_spiral,
          nicolae_overflow_hidden_temple, enter_bailey_2, serial_shops,
          nicolae_shop_trees, nicolae_lakefront_shop,
          nicolae_shop_tiny_statue_garden, hangedman_decor_opposing
D:8:      layout_cave_pods, gup_ossuary_entry_pyramid, uniq_maurice, uniq_grum
D:9:      layout_rooms, zin_academy, serial_shops, nicolae_shop_window_shopping
D:10:     layout_roguey, hiddenorc2_lemuel, nrook_pool_corridor, uniq_sonja,
          uniq_lodul, uniq_amaemon
D:11:     layout_irregular_city, lair_entry_dummy,
          portal_ice_cave_entry_pillars_2, minmay_rotating_lava
D:12:     layout_gridville, uniq_kirke
D:13:     cheibrodos_orc_bank, layout_loops_corners, uniq_urug, uniq_jorgrun
D:14:     layout_basic, lightli_vaults_fourway_checkpoint, minivault_11,
          serial_shops, freezing_bzr
D:15:     grunt_enter_depths_snipers, layout_layer_cave, serial_shops,
          nicolae_shop_tiny_statue_garden, serial_bayou, serial_bayou_pond_a,
          serial_bayou_crossing, serial_bayou_pond_e, serial_bayou_ford_a,
          minivault_13
Lair:1:   gammafunk_worm_tunnel, layout_regular_city, gammafunk_ghost_hive,
          uniq_fannar
Lair:2:   layout_regular_city, shoals_dummy_entry, spider_nest_entry_webs,
          chequers_serial_rivers_room_b, uniq_nergalle
Lair:3:   layout_regular_city, gauntlet_entry_generic, serial_bayou_shore_b
Lair:4:   layout_regular_city, slime_entry_2
Lair:5:   gammafunk_lair_ancient_temple, layout_regular_city, grunt_megastairs_1
Shoals:1: cheibrodos_shoals_three_sisters, layout_shoals, centaur_isle
Shoals:2: layout_shoals
Shoals:3: layout_shoals, nicolae_shoals_bring_sunscreen, uniq_ilsuiw,
          uniq_polyphemus
Shoals:4: shoals_end_hangedman, layout_shoals, serial_shops, shop,
          nicolae_shoals_this_corrosion, uniq_mlioglotl
Spider:1: layout_spider_delve, nicolae_spider_scorpion_nest
Spider:2: layout_spider_delve
Spider:3: layout_spider_delve, drop_trap, uniq_roxanne
Spider:4: spider_rune_water, uniq_agnes, uniq_arachne
Orc:1:    layout_caves, basic_altar
Orc:2:    st_orc_rangers, layout_caves, guppyfry_library_mini
Elf:1:    layout_loops_cross, evilmike_minifort, minivault_8
Elf:2:    elven_hall_of_blades_hangedman_original
          [nicolae_blade_entry_pointy_end], layout_geoelf_grid,
          nicolae_fountain_basement, uniq_aizul
Elf:3:    minmay_elf_hall_statues, layout_geoelf_diagonals,
          nicolae_elf_big_sculpture_3, lemuel_flamethrower_1, grunt_megastairs_4
Vaults:1: gammafunk_sealed_arena, v_alt_pattern_1,
          nicolae_vaults_three_branches, ontoclasm_vaults_loading_screen,
          nicolae_vaults_tetromino_Z_1, v_misc_13, vaults_room_fours,
          nicolae_vaults_double_plus_2, layout_vaults_omnigrid, enter_trove_2
Vaults:2: vaults_dpeg_hooks, vaults_room_grid, hangedman_vaults_corner,
          hangedman_vaults_nails, nicolae_vaults_little_squares_6,
          nicolae_vaults_stepped_doors, nicolae_vaults_network_periphery,
          v_misc_29, hangedman_vaults_slice, vaults_dpeg_doors,
          nicolae_vaults_double_plus_3, nicolae_vaults_tetromino_T_2,
          nicolae_vaults_double_plus_2, layout_vaults_omnicross
Vaults:3: v_pattern_1, vaults_dpeg_encased_lava, nicolae_vaults_diamond_2,
          nicolae_vaults_trapezoid_2, grunt_vaults_trifunnel, kb_rosetta,
          v_rooms_5, minmay_crypt_entry_simple_corners, dpeg_vaults_monster_row,
          nicolae_vaults_double_plus_2, nicolae_vaults_cornered_office,
          hangedman_vaults_nails, not_door_vault_mu, layout_vaults_maze_snakey
Vaults:4: ebering_ghost_gozag, nicolae_vaults_puzzle_piece,
          nicolae_vaults_bisected_inception, vaults_room_boxed,
          hangedman_vaults_restitches, vaults_dpeg_cross, st_more_cells,
          nicolae_vaults_frosty_reception, vaults_room_grid, v_rooms_4,
          nicolae_vaults_little_ls, nicolae_vaults_little_squares_6,
          nicolae_vaults_layer_cake_slice, layout_vaults_ring, serial_shops,
          bzr_entry_dummy, uniq_margery, uniq_bai_suzhen
Vaults:5: serial_shops
Crypt:1:  layout_misc_corridors, uniq_frederick, uniq_sojobo, uniq_grunn
Crypt:2:  layout_misc_corridors, grunt_megastairs_3
Depths:1: layout_gridville, enter_ziggurat_e, serial_shops, shop,
          pf_hell_entry_tar_river, chequers_hall_statues_y, serial_bayou_pond_c,
          grunt_absolute_annihilation, uniq_saint_roka, uniq_mara
Depths:2: lemuel_troll_bridge, layout_gridlike, rand_demon_pan_entry_9,
          nicolae_gozag_cash_rules_everything_around_me, hell_entry,
          infiniplex_staircase_split_hallway
Depths:3: grunt_arcs, layout_gridlike, hell_entry, serial_shops, shop,
          elyvilon_altar_4, abyss_entry_small_statue_room,
          minmay_misc_feat_encased, due_unseen_surprise, uniq_xtahua
Depths:4: grunt_twist_and_shout, layout_gridville, serial_shops, shop,
          hell_entry, rand_demon_pan_entry_8, grunt_decor_one_mirror, uniq_jory,
          uniq_vv, uniq_enchantress
Zot:1:    layout_misc_corridors, st_stairs_9, bh_zot_lava_cross, uniq_josephina
Zot:2:    layout_twisted_circle
Zot:3:    regret_index_qazlal_generations, layout_cathedral_of_symmetry,
          bh_zot_ikea_curve
Zot:4:    nicolae_moth_party, layout_concentric_octagons
Zot:5:    layout_basic, hellmonk_ghost_big_iron, grunt_ministairs_13,
          nicolae_shop_clearance

Skill      XL: |  1  2  3  4  5  6  7  8  9 10 11 12 13 14 15 16 17 18 19 20 21 22 23 24 |
---------------+-------------------------------------------------------------------------+-----
Long Blades    | 3 4 5 6 |  6.0
Short Blades   | 1 4 6 7 9 |  9.2
Armour         | 6 3 8 12 16 19 | 19.0
Fighting       | 8 12 16 19 | 19.0
Dodging        | 0 |  0.0
Throwing       | 4 6 7 12 14 16 | 16.0
Maces & Flails | 7 12 13 16 | 16.0
Translocations | 2 6 8 10 | 10.3
Spellcasting   | 2 4 6 8 12 | 12.1
Stealth        | 2 6 10 12 | 12.0
Transmutations | 6 |  6.0
Shields        | 4 8 12 | 12.0
Earth Magic    | 3 6 |  6.0
Air Magic      | 6 |  6.0
Summonings     | 7 10 11 12 14 | 14.0
Hexes          | 8 10 | 10.0
Necromancy     | 4 10 | 10.0

Action                     |  1- 3 |  4- 6 |  7- 9 | 10-12 | 13-15 | 16-18 | 19-21 | 22-24 || total
---------------------------+-------+-------+-------+-------+-------+-------+-------+-------++-------
  Melee: Falchion          |    63 |     5 |       |       |       |       |       |       ||    68
         Dagger            |       |   102 |   558 |    24 |     1 |    11 |    19 |    22 ||   737
         Headbutt          |       |    18 |   139 |   206 |   314 |   507 |   482 |   429 ||  2095
         Unarmed           |       |       |     7 |       |       |       |       |       ||     7
         Whip              |       |       |       |   572 |  1007 |  1574 |  1601 |   355 ||  5109
         Eveningstar       |       |       |       |       |       |       |       |   770 ||   770
   Fire: Sling             |    37 |    34 |     1 |       |       |       |       |       ||    72
  Throw: Boomerang         |       |       |     5 |    22 |   265 |   261 |   314 |   144 ||  1011
         Dart              |       |       |     1 |    24 |    23 |       |       |     4 ||    52
         Throwing net      |       |       |       |       |       |     3 |       |       ||     3
         Javelin           |       |       |       |       |       |       |    18 |    85 ||   103
   Cast: Blink             |       |       |       |       |     5 |     2 |       |     1 ||     8
         Apportation       |       |       |       |       |    10 |    10 |    12 |    63 ||    95
         Vhi's Electric Ch |       |       |       |       |     1 |    55 |     1 |       ||    57
         Passwall          |       |       |       |       |     1 |     6 |    35 |    11 ||    53
         Manifold Assault  |       |       |       |       |       |    80 |   129 |    19 ||   228
         Summon Forest     |       |       |       |       |       |       |    11 |     1 ||    12
         Animate Dead      |       |       |       |       |       |       |    22 |    27 ||    49
         Animate Armour    |       |       |       |       |       |       |     2 |    19 ||    21
         Summon Mana Viper |       |       |       |       |       |       |     1 |     1 ||     2
         Swiftness         |       |       |       |       |       |       |       |     3 ||     3
 Invoke: Sacrifice Artific |       |     1 |       |       |       |       |       |       ||     1
         Draw Out Power    |       |       |     2 |     1 |     3 |     1 |     7 |     2 ||    16
         Sacrifice Experie |       |       |     1 |       |       |       |       |       ||     1
         Sacrifice Nimblen |       |       |     1 |       |       |       |       |       ||     1
         Apocalypse        |       |       |     2 |     1 |     9 |     6 |    11 |    10 ||    39
         Sacrifice Health  |       |       |       |     1 |       |       |       |       ||     1
    Use: Potion            |       |       |     7 |       |    11 |       |     6 |    15 ||    39
         Scroll            |       |       |    15 |     5 |     8 |     3 |    20 |    11 ||    62
   Stab: Invisible         |       |       |     5 |       |     9 |    14 |    10 |     7 ||    45
         Distracted        |       |       |     1 |     5 |     2 |     6 |    14 |    21 ||    49
         Paralysed         |       |       |       |    11 |    22 |    19 |    14 |    13 ||    79
         Petrifying        |       |       |       |     1 |       |       |       |       ||     1
         Sleeping          |       |       |       |       |     1 |    12 |    25 |     1 ||    39
         Confused          |       |       |       |       |       |       |     1 |     1 ||     2
 Armour: Robe              |     7 |       |       |       |       |       |       |       ||     7
         Chain mail        |     6 |    25 |   155 |    72 |   197 |   394 |       |       ||   849
         Ring mail         |     5 |     7 |    11 |   130 |   162 |       |       |       ||   315
         Skin              |       |       |    13 |       |       |       |       |       ||    13
         Storm dragon scal |       |       |       |       |       |    31 |   497 |   199 ||   727
         Crystal plate arm |       |       |       |       |       |       |       |   279 ||   279
         Acid dragon scale |       |       |       |       |       |       |       |    16 ||    16
  Dodge: Dodged            |    32 |    28 |   162 |    82 |   305 |   270 |   223 |   184 ||  1286
  Block: Buckler           |       |       |       |       |       |   235 |   256 |   257 ||   748
         Reflection        |       |       |       |       |       |    11 |    13 |       ||    24
         Kite shield       |       |       |       |       |       |       |       |    15 ||    15
